cohdb
Replays
Latest Replays
All Replays
Popular Replays
Top Player Replays
Match Explorer
How It Works
Community
CoH3 Stats
Reddit
Sign in to upload your games and track your stats! →
Sign in with Steam
Match 45251511
Unlisted
Match 45251511
Overview
Messages
Build Orders
End
Pioneer Squad
Selects Italian Coastal Battlegroup
Selects Coastal Reserves
Coastal Reserve
Coastal Reserve
Construct Infanterie Kompanie
Grenadier Squad
Construct Panzergrenadier Kompanie
251 Medium Carrier
Medical Station
Selects Artillery Officer
Pak 40 Anti-tank Gun Team
Panzergrenadier Squad
Artillery Officer
Construct Panzer Kompanie
Selects Coastal Wall
Selects Designate Defensive Line
Selects Rapid Fortifications
Rapid Fortifications
Medical Bunker
Designate Defensive Line
Panzer IV Medium Tank
MG 42 Bunker
Pioneer Squad
Sturmpanzer IV Brummbär
Selects Bulwark
Rapid Fortifications
MG 42 Bunker
Pioneer Squad
Panzer IV Medium Tank
Side Skirts
Rapid Fortifications
Repair Bunker
Panzer IV Medium Tank
Designate Defensive Line
oziligath
Skeng.Tecnica.International
0
0
Comments
sign in to comment!
No comments posted yet!